 Dungeon Crawl Stone Soup version 0.31-a0-369-g8eba5f6939 (webtiles) character file.

Game seed: 4450587489202282230

21275 hashsling the Warrior (level 12, -6/117 (124) HPs)
             Began as a Minotaur Gladiator on July 29, 2023.
             Was a High Priest of Okawaru.
             Killed from afar by an orc sorcerer (33 damage)
             ... with a bolt of negative energy
             ... on level 2 of the Orcish Mines.
             The game lasted 00:31:20 (9066 turns).

hashsling the Warrior (Minotaur Gladiator)          Turns: 9066, Time: 00:31:21

HP:   -6/117 (124)  AC: 16    Str: 27    XL:     12   Next: 52%
MP:   13/13         EV: 11    Int:  5    God:    Okawaru [*****.]
Gold: 936           SH:  0    Dex: 15    Spells: 11/11 levels left

rFire   . . .        u - +4 war axe "Omesoese" {drain, rElec rC+ Str+2 Stlth-}
rCold   + . .        (no shield)
rNeg    . . .        n - +4 chain mail "Xyilloun" {Dex+4}
rPois   .            c - +0 hat
rElec   +            (no cloak)
rCorr   .            E - +0 pair of gloves
SInv    .            (no boots)
Will    .....        f - amulet of regeneration Stlth
                     (no ring)
HPRegen 1.19/turn    (no ring)
MPRegen 0.13/turn

%: no passive effects
@: confused, drained
A: horns 2, retaliatory headbutt
a: Renounce Religion, Heroism, Finesse, Duel


You were on level 2 of the Orcish Mines.
You worshipped Okawaru.
Okawaru was extremely pleased with you.
You visited 3 branches of the dungeon, and saw 13 of its levels.
You visited the Abyss 1 time.
You also visited: Sewer and Ossuary.

You collected 936 gold pieces.

Inventory:

Hand Weapons
 u - the +4 war axe "Omesoese" (weapon) {drain, rElec rC+ Str+2 Stlth-}
   (You found it on level 3 of the Dungeon)

   Str:       It affects your strength (+2).
   rC:        It protects you from cold.
   rElec:     It insulates you from electricity.
   Stlth:     It makes you less stealthy.
 D - a +4 war axe
 I - a +0 battleaxe
Missiles
 d - 5 throwing nets (quivered)
 e - 2 javelins
 w - 2 atropa-tipped darts
 F - 3 boomerangs of dispersal
 L - a datura-tipped dart
 N - a curare-tipped dart
Armour
 c - a +0 hat (worn)
 n - the +4 chain mail "Xyilloun" (worn) {Dex+4}
   (You found it on level 2 of the Dungeon)

   Dex:       It affects your dexterity (+4).
 E - a +0 pair of gloves (worn)
Jewellery
 f - an amulet of regeneration (around neck)
 G - an amulet of the acrobat
 M - an amulet of reflection
Wands
 l - a wand of iceblast (10)
 o - a wand of flame (14)
 t - a wand of paralysis (12)
Scrolls
 a - a scroll of immolation {unknown}
 h - 2 scrolls of fog
 j - a scroll of blinking {unknown}
 k - a scroll of amnesia {unknown}
 m - a scroll of poison {unknown}
 q - 4 scrolls of teleportation
 r - 2 scrolls of enchant weapon
 x - 4 scrolls of fear
 y - 2 scrolls of vulnerability
 H - a scroll of revelation {unknown}
 J - a scroll of noise
 K - a scroll of enchant armour {unknown}
Potions
 b - 2 potions of cancellation {unknown}
 g - 3 potions of magic
 i - 6 potions of lignification
 p - 3 potions of degeneration {unknown}
 s - 5 potions of curing
 v - 2 potions of haste
 z - 3 potions of enlightenment
 A - a potion of heal wounds
 B - a potion of mutation {unknown}
 C - 2 potions of berserk rage {unknown}


   Skills:
 * Level 16.9 Fighting
 - Level 16.0 Axes
 - Level 2.0 Throwing
 + Level 8.0 Armour
 - Level 4.0 Dodging
 + Level 3.7 Invocations


You had 11 spell levels left.
You didn't know any spells.
Your spell library contained the following spells:

 Spells                   Type           Power      Damage    Failure   Level
 Apportation              Tloc           0%         N/A       91%         1
 Necrotise                Necr           0%         1d4       91%         1
 Cigotuvi's Dreadful Rot  Necr/Pois/Air  0%         N/A       97%         2
 Static Discharge         Conj/Air       0%         2-2/arc   97%         2
 Ignite Poison            Fire/Tmut/Pois 0%         N/A       99%         3
 Airstrike                Air            0%         2d(0-16)  100%        4
 Alistair's Intoxication  Tmut/Pois      0%         N/A       100%        5
 Borgnjor's Vile Clutch   Necr/Erth      0%         N/A       100%        5
 Freezing Cloud           Conj/Ice/Air   0%         6-21      100%        5
 Eringya's Noxious Bog    Tmut/Pois      0%         4d6       100%        6
 Summon Small Mammal      Summ           Unusable   N/A       N/A         1
 Animate Dead             Necr           Unusable   N/A       N/A         4
 Summon Lightning Spire   Summ/Air       Unusable   N/A       N/A         4
 Summon Forest            Summ/Tloc      Unusable   N/A       N/A         5
 Death Channel            Necr           Unusable   N/A       N/A         6
 Summon Hydra             Summ           Unusable   N/A       N/A         7

Dungeon Overview and Level Annotations

Branches:
Dungeon (10/15)            Temple (1/1) D:7            Lair (0/5) D:10
    Orc (2/2) D:9           Sewer (visited)         Ossuary (visited)
    Elf: Orc:2

Altars:
Ashenzari
Cheibriados
Dithmenos
Elyvilon
Fedhas
Gozag
Hepliaklqana
Kikubaaqudgha
Makhleb
Nemelex Xobeh
Okawaru
Qazlal
Ru
Sif Muna
Trog
Uskayaw
Vehumet
Wu Jian
Xom
Yredelemnul
Zin
The Shining One

Shops:
D:3 *   D:4 (   Orc:2 *((!


Innate Abilities, Weirdness & Mutations

You have a pair of horns on your head.
You reflexively headbutt those who attack you in melee.


Message History

The orc sorcerer is heavily wounded.
The orc wizard casts a spell.
The orc wizard flickers and vanishes!
Deactivating autopickup; reactivate with Ctrl-A.
The orc sorcerer hits you but does no damage.
You completely miss the orc priest. You slash the orc sorcerer!
You slash the orc wizard! You drain the orc wizard.
You kill the orc wizard!
Okawaru accepts your kill.
The orc priest hits you with a +0 short sword.
* * * LOW HITPOINT WARNING * * *
The orc sorcerer points at you and mumbles some strange words.
You suddenly lose the ability to move!
The orc priest hits you but does no damage.
Something hits you but does no damage. The orc sorcerer casts a spell at you.
The bolt of fire misses you.
The bolt of fire hits the orc priest!!
The orc priest dies!
The orc sorcerer casts a spell at you. You resist with some effort.
Something hits you but does no damage.
The orc sorcerer points at you and mumbles some strange words.
You resist with some effort.
You hear some strange, mumbled words.
You are confused.
The orc sorcerer hits you but does no damage.
Something hits you but does no damage. x2
The orc sorcerer hits you with a +0 dagger.
* * * LOW HITPOINT WARNING * * *
Something hits you but does no damage. Something hits you.
* * * LOW HITPOINT WARNING * * *
You can move again.
Found Qasavuomp's Antique Weapon Shop.
An orc wizard comes into view. It is wielding a +0 dagger.
The orc sorcerer hits you but does no damage.
Something hits you but does no damage.
Something hits you but does no damage. x2
You're too confused to move!
The orc sorcerer points at you and mumbles some strange words.
The bolt of negative energy hits you!!
You feel drained.
You die...

##.. .. ....#......
###.. ##.^.#..... #.#...
##....#.... ....#
###.....#....###...##
##.......#..#..#..... ..
#....#......##...#∩#...#
#.#......).#..o@∩.∩....
#.....))).##..)#∩#...#
#....).#).#)o#)....# .
##..)).#.)))###...## ##
#..)..#..)).# ....#
#.##..#..#....)..#.#...
.........#......#####..
#..$.....##....... ..
##........##.......


You could see an orc sorcerer and an orc wizard.

Vanquished Creatures
  2 centaur warriors (D:9)
  The ghost of SirDiesAlot the Frost Mage, a journeyman OpSh of Cheibriados (D:8)
  The ghost of jejorda2 the Martial Artist, a novice GnBe of Trog (D:10)
  2 orc high priests
  Sonja (Orc:1)
  Pikel (D:8)
  An orc knight (Orc:1)
  6 orc sorcerers (Orc:2)
  Joseph (D:9)
  A freezing wraith (D:10)
  2 trolls
  4 raiju (Abyss:1)
  3 wyverns
  2 wraiths (D:10)
  4 shadows (D:10)
  9 yaks
  A chaos spawn (Abyss:1)
  Grum (D:10)
  Menkaure (D:5)
  A steam dragon (D:10)
  4 wargs
  3 water moccasins
  An ice beast (D:6)
  20 orc warriors
  2 sky beasts (D:6)
  A black bear (D:5)
  6 wolves (D:10)
  2 ogres (D:6)
  A centaur (D:7)
  A lemure (D:8)
  2 phantoms
  2 elf zombies (Ossuary)
  The ghost of gregwegmann the Arsonist, an amateur DEFE (D:3)
  6 bullfrogs
  3 kobold brigands
  Blork the orc (D:5)
  4 scorpions
  19 wights
  19 killer bees
  4 electric eels
  6 howler monkeys
  6 hounds
  18 orc priests
  3 jellies
  4 iguanas
  2 sleepcaps
  27 orc wizards
  2 mummies (Ossuary)
  3 gnolls (D:6)
  3 river rats (Sewer)
  9 adders
  A shadow imp (D:5)
  2 white imps
  An ufetubus (D:3)
  3 adder zombies (Ossuary)
  4 worms
  3 dart slugs
  48 orcs
  6 bats
  6 endoplasms
  5 giant cockroaches
  10 goblins
  8 hobgoblins
  A jackal (Sewer)
  2 quokkas
  5 ball pythons
  3 frilled lizards
  A goblin zombie (Ossuary)
  12 hobgoblin zombies (Ossuary)
  3 jackal zombies (Ossuary)
  19 kobolds
  8 kobold zombies (Ossuary)
  7 orc zombies (Ossuary)
  5 rats
  A rat zombie (Ossuary)
394 creatures vanquished.

Vanquished Creatures (others)
  An orc priest (Orc:2)
1 creature vanquished.

Grand Total: 395 creatures vanquished

Notes
Turn   | Place    | Note
-------+----------+-------------------------------------------
     0 | D:1      | hashsling the Minotaur Gladiator began the quest for the
                  | Orb.
     0 | D:1      | Reached XP level 1. HP: 18/18 MP: 0/0
   207 | D:1      | Reached XP level 2. HP: 25/25 MP: 1/1
   614 | D:1      | You fall into a shaft and drop 1 floor!
   630 | D:2      | Reached XP level 3. HP: 31/31 MP: 2/2
   789 | D:2      | Reached XP level 4. HP: 40/40 MP: 3/3
   796 | D:2      | Identified the +4 chain mail "Xyilloun" {Dex+4}
   842 | D:2      | Reached skill level 1 in Armour
  1038 | D:3      | Noticed a water moccasin
  1046 | D:3      | Killed a water moccasin
  1047 | D:3      | Reached skill level 5 in Axes
  1047 | D:3      | Reached XP level 5. HP: 44/47 MP: 4/4
  1075 | D:3      | Found Cofymmoo's General Store.
  1158 | D:3      | Identified the +4 war axe "Omesoese" {drain, rElec rC+
                  | Str+2 Stlth-}
  1477 | D:3      | Found a runed translucent gate.
  1478 | D:3      | Found a runed translucent gate.
  1478 | D:3      | Found a runed translucent gate.
  1479 | D:3      | Found an opulent altar of Gozag.
  1479 | D:3      | Noticed gregwegmann's ghost (amateur DEFE)
  1580 | D:3      | Killed gregwegmann's ghost
  1581 | D:3      | Reached skill level 5 in Fighting
  1581 | D:3      | Reached XP level 6. HP: 56/56 MP: 5/5
  1666 | D:3      | Found a glowing drain.
  1676 | Sewer    | Entered a sewer
  1768 | Sewer    | Found a white marble altar of Elyvilon.
  2324 | D:4      | Reached XP level 7. HP: 62/62 MP: 6/6
  2325 | D:4      | Found a sand-covered staircase.
  2330 | Ossuary  | Entered an ossuary
  2951 | D:4      | Found Ygoec's Antique Weapon Shoppe.
  3114 | D:5      | Entered Level 5 of the Dungeon
  3209 | D:5      | Reached XP level 8. HP: 73/73 MP: 7/7
  3385 | D:5      | Identified the +1 ring mail "Cyurimn" {Int+2}
  3479 | D:5      | Noticed Blork the orc
  3481 | D:5      | Noticed Menkaure
  3485 | D:5      | Killed Blork the orc
  3488 | D:5      | Killed Menkaure
  3695 | D:6      | Reached skill level 5 in Armour
  3716 | D:6      | Reached XP level 9. HP: 84/84 MP: 8/8
  3838 | D:6      | Reached skill level 10 in Axes
  4120 | D:7      | Reached skill level 10 in Fighting
  4206 | D:7      | Found an ancient bone altar of Kikubaaqudgha.
  4206 | D:7      | Found a basalt altar of Yredelemnul.
  4206 | D:7      | Found an ornate altar of the Wu Jian Council.
  4364 | D:7      | Found a staircase to the Ecumenical Temple.
  4373 | Temple   | Entered the Ecumenical Temple
  4380 | Temple   | Became a worshipper of Warmaster Okawaru
  4428 | D:7      | Found a shadowy altar of Dithmenos.
  4470 | D:7      | Found a radiant altar of Vehumet.
  4473 | D:7      | Found a bloodstained altar of Trog.
  4476 | D:7      | Found a broken altar of Ashenzari.
  4477 | D:7      | Found a stormy altar of Qazlal.
  4496 | D:7      | Found an opulent altar of Gozag.
  4497 | D:7      | Found a sacrificial altar of Ru.
  4674 | D:8      | Reached XP level 10. HP: 97/97 MP: 9/9
  4713 | D:8      | Noticed Pikel
  4721 | D:8      | Killed Pikel
  4721 | D:8      | Reached * piety under Okawaru
  5036 | D:8      | Reached ** piety under Okawaru
  5266 | D:8      | Found a runed translucent door.
  5269 | D:8      | Noticed SirDiesAlot's ghost (journeyman OpSh)
  5355 | D:8      | Killed SirDiesAlot's ghost
  5812 | D:9      | Reached *** piety under Okawaru
  5815 | D:9      | Noticed Joseph
  5827 | Abyss:1  | Found a corrupted altar of Lugonu.
  5827 | Abyss:1  | Cast into level 1 of the Abyss (Joseph)
  5860 | Abyss:1  | Reached XP level 11. HP: 25/108 MP: 10/10
  6011 | Abyss:1  | Found a corrupted altar of Lugonu.
  6029 | D:9      | Escaped the Abyss
  6042 | D:9      | Killed Joseph
  6200 | D:9      | Reached **** piety under Okawaru
  6218 | D:9      | Noticed a centaur warrior
  6222 | D:9      | Killed a centaur warrior
  6246 | D:9      | Noticed a centaur warrior
  6252 | D:9      | Killed a centaur warrior
  6603 | D:9      | Found a staircase to the Orcish Mines.
  6614 | Orc:1    | Entered Level 1 of the Orcish Mines
  6614 | Orc:1    | Noticed Sonja
  6778 | D:10     | Entered Level 10 of the Dungeon
  6778 | D:10     | Found a runed translucent gate.
  6778 | D:10     | Found a runed translucent gate.
  6778 | D:10     | Found a runed translucent gate.
  6792 | D:10     | Noticed jejorda2's ghost (novice GnBe)
  6845 | D:10     | Found a staircase to the Lair.
  6845 | D:10     | Noticed Grum
  6863 | D:10     | Killed Grum
  6872 | D:10     | Reached ***** piety under Okawaru
  6896 | D:10     | Received a gift from Okawaru
  6897 | D:10     | Reached skill level 15 in Fighting
  6914 | D:10     | Reached skill level 15 in Axes
  7667 | D:10     | Killed jejorda2's ghost
  8416 | Orc:1    | Noticed an orc knight
  8493 | Orc:1    | Killed Sonja
  8493 | Orc:1    | Received a gift from Okawaru
  8496 | Orc:1    | Killed an orc knight
  8497 | Orc:1    | Reached XP level 12. HP: 23/122 MP: 11/11
  8692 | Orc:2    | Entered Level 2 of the Orcish Mines
  8692 | Orc:2    | Noticed an orc high priest
  8705 | Orc:1    | Killed an orc high priest
  8706 | Orc:1    | Reached skill level 1 in Invocations
  8768 | Orc:2    | Paralysed by an orc sorcerer for 3 turns
  8891 | Orc:2    | Received a gift from Okawaru
  9002 | Orc:2    | Noticed an orc high priest
  9012 | Orc:2    | Killed an orc high priest
  9032 | Orc:2    | Found Vur Pawo's General Store.
  9032 | Orc:2    | Found Uthydwod's Antique Weapon Boutique.
  9035 | Orc:2    | Found Lennoin's Distillery.
  9040 | Orc:2    | HP: 6/124 [orc priest/divine providence (14)]
  9058 | Orc:2    | Paralysed by an orc sorcerer for 5 turns
  9064 | Orc:2    | Found Qasavuomp's Antique Weapon Shop.
  9066 | Orc:2    | Killed from afar by an orc sorcerer

Illustrated notes

Levels and vault maps discovered:
D:1:      tarquinn_simple_flora_water_d, layout_basic, nrook_uturn, minivault_26
D:2:      layout_rooms, roderic_nine_men_s_morris
D:3:      layout_loops_ring, cheibrodos_sewer_entry_bend, ebering_ghost_gozag,
          serial_shops, nicolae_shop_tiny_statue_garden, minmay_distorted
D:4:      layout_basic, nicolae_ossuary_entry_false_entrances, serial_shops,
          shop, minmay_misc_feat_rugged, minmay_liquid_box
D:5:      layout_basic, uniq_blork_the_orc, uniq_menkaure
D:6:      layout_basic, st_stairs_6, grunt_ministairs_3,
          chequers_serial_rivers_micro_b, kennysheep_generic_room_13
D:7:      layout_cave_pools, nicolae_overflow_hallway_of_the_gods,
          temple_statues, minmay_misc_feat_alley
D:8:      layout_basic, ebering_ghost_reflecting_pool, uniq_pikel
D:9:      layout_loops_ring, erik_orc_2, minmay_checkerbox, uniq_joseph
D:10:     layout_long_grid, erik_lair_island, gammafunk_ghost_spectres,
          kennysheep_generic_room_16, uniq_grum
Temple:   nicolae_temple_x_marks_the_god
Orc:1:    layout_caves, basic_altar, uniq_sonja, uniq_nergalle, uniq_jorgrun
Orc:2:    st_orc_mages, layout_caves

Skill      XL: |  1  2  3  4  5  6  7  8  9 10 11 12 |
---------------+-------------------------------------+-----
Axes           | 4 5 6 7 9 11 13 15 16 | 16.0
Fighting       | 3 4 5 7 9 11 13 15 16 | 16.9
Dodging        | 4 |  4.0
Armour         | 2 3 4 5 6 7 8 |  8.0
Invocations    | 3 |  3.7
Throwing       | |  2.0

Action                     |  1- 3 |  4- 6 |  7- 9 | 10-12 || total
---------------------------+-------+-------+-------+-------++-------
  Melee: War axe           |    22 |    83 |   237 |   377 ||   719
         Headbutt          |    10 |     6 |    46 |    77 ||   139
         Hand axe          |    48 |    15 |       |       ||    63
         Punch             |       |     2 |     2 |     4 ||     8
  Throw: Throwing net      |       |       |       |     2 ||     2
 Invoke: Heroism           |       |       |       |     7 ||     7
  Evoke: Wand              |       |       |       |     7 ||     7
    Use: Scroll            |       |       |       |    11 ||    11
         Potion            |       |       |       |     5 ||     5
 Armour: Leather armour    |     7 |       |       |       ||     7
         Scale mail        |    14 |     4 |       |       ||    18
         Chain mail        |       |    64 |   109 |   252 ||   425
  Dodge: Dodged            |    49 |    57 |   107 |   222 ||   435

Table legend: (Time is in decaauts)
 A = Elapsed time spent in this place.
 B = Non-inter-level travel time spent in this place.
 C = Inter-level travel time spent in this place.
 D = Time resting spent in this place.
 E = Time spent auto-exploring this place.
 F = Levels seen in this place.
 G = Mean time per level.
                   A        B        C        D        E       F      G
               +--------+--------+--------+--------+--------+-----+--------+
         Total |   9110 |   8490 |    620 |    298 |   6236 |  16 |  569.4 |
       Dungeon |   7844 |   7243 |    601 |     90 |   5678 |  10 |  784.4 |
        Temple |     15 |      9 |      6 |      0 |      0 |   1 |   15.0 |
  Orcish Mines |    580 |    567 |     13 |    208 |    165 |   2 |  290.0 |
         Abyss |    201 |    201 |      0 |      0 |    163 |   1 |  201.0 |
         Sewer |    251 |    251 |      0 |      0 |    139 |   1 |  251.0 |
       Ossuary |    217 |    217 |      0 |      0 |     90 |   1 |  217.0 |
               +--------+--------+--------+--------+--------+-----+--------+

Top non-repeatable levels by time:
     D:9: 1064 daAuts
     D:1: 999 daAuts
     D:8: 994 daAuts
    D:10: 956 daAuts
     D:3: 931 daAuts
     D:4: 855 daAuts
     D:6: 543 daAuts
     D:7: 536 daAuts
     D:5: 506 daAuts
     D:2: 455 daAuts
   Orc:1: 380 daAuts
   Sewer: 251 daAuts
 Ossuary: 217 daAuts
 Abyss:1: 201 daAuts
   Orc:2: 200 daAuts
